| TOP OF THE 1ST |
|
Stanford University Cardinal batting - Pitching for University of South Carolina Gamecocks : RHP Sammy Armstrong
|
|
Pitching: RHP Sammy Armstrong
|
|
|
Batting: RHB John Van der Linden
|
0-0: Called Strike 0-1: Ball 1-1: Foul Ball, location: 2F 1-2: Ball 2-2: Ball 3-2: Ground out 5-3 (Groundball, 56, EV 106.3 MPH)
|
|
Batting: RHB Bobby Orantez
|
0-0: Called Strike 0-1: SINGLE (Groundball, 4MD, EV 102.5 MPH) (infield hit)
|
|
Batting: LHB Donny Kleinjan
|
0-0: Ball 1-0: Called Strike 1-1: Swinging Strike 1-2: Ball 2-2: Strikes out swinging
|
|
Batting: RHB Joe Petley
|
0-0: Ball 1-0: Ball 2-0: Called Strike 2-1: Ball 3-1: SINGLE (Line Drive, 89S, EV 94.4 MPH) Bobby Orantez to second Runner from 2nd tries for 3rd, SAFE, throw by RF made to third
|
|
Batting: SHB Philippe Huff
|
0-0: Ball 1-0: Called Strike 1-1: Swinging Strike 1-2: SINGLE (Flyball, 6D, EV 95.6 MPH) Bobby Orantez scores Joe Petley to second
|
|
Batting: RHB Dzevat Koljevic
|
0-0: Ball 1-0: Swinging Strike 1-1: Foul Ball, location: 5F 1-2: Ball 2-2: Ball 3-2: Foul Ball, location: 7LSFF 3-2: Strikes out swinging
|
| Top of the 1st over - 1 run, 3 hits, 0 errors, 2 left on base; Stanford University 1 - University of South Carolina 0 |
| BOTTOM OF THE 1ST |
|
University of South Carolina Gamecocks batting - Pitching for Stanford University Cardinal : RHP Brian Hoffman
|
|
Pitching: RHP Brian Hoffman
|
|
|
Batting: RHB Justin Kurutz
|
0-0: Foul Ball, location: 5F 0-1: Ball 1-1: Foul Ball, location: 2F 1-2: Ball 2-2: Ball 3-2: Foul Ball, location: 23F 3-2: Fly out, F8 (Flyball, 78M, EV 77.5 MPH)
|
|
Batting: RHB Lance Neldon
|
0-0: Called Strike 0-1: SINGLE (Groundball, 6MD, EV 101.3 MPH)
|
|
Batting: SHB Keith Mihas
|
0-0: Called Strike 0-1: Ball 1-1: Swinging Strike 1-2: Strikes out looking
|
|
Batting: LHB Chris McNay
|
0-0: SINGLE (Groundball, 4MS, EV 64.4 MPH) (infield hit) Lance Neldon to second
|
|
Batting: RHB Brian Passalacqua
|
0-0: Called Strike 0-1: Fly out, F7 (Flyball, 7LD, EV 101.9 MPH)
|
| Bottom of the 1st over - 0 runs, 2 hits, 0 errors, 2 left on base; Stanford University 1 - University of South Carolina 0 |
| TOP OF THE 2ND |
|
Stanford University Cardinal batting - Pitching for University of South Carolina Gamecocks : RHP Sammy Armstrong
|
|
Batting: LHB Mike Keating
|
0-0: Called Strike 0-1: Ball 1-1: Ball 2-1: Ball 3-1: Base on Balls
|
|
Batting: RHB Josh Benefield
|
0-0: Foul Ball, location: 2F 0-1: Ball 1-1: Ball 2-1: SINGLE (Line Drive, 8RS, EV 88.1 MPH) Mike Keating to second
|
|
Batting: RHB Mike Gard
|
0-0: Swinging Strike 0-1: Ball 1-1: Fly out, F8 (Flyball, 8RD, EV 98.8 MPH)
|
|
Batting: RHB John Van der Linden
|
0-0: Ball 1-0: Ball 2-0: Foul Ball, location: 2F 2-1: Ball 3-1: Swinging Strike 3-2: Grounds into double play, 6-4-3 (Groundball, 6, EV 109.4 MPH)
|
| Top of the 2nd over - 0 runs, 1 hit, 0 errors, 1 left on base; Stanford University 1 - University of South Carolina 0 |
| BOTTOM OF THE 2ND |
|
University of South Carolina Gamecocks batting - Pitching for Stanford University Cardinal : RHP Brian Hoffman
|
|
Batting: LHB Bert Webster
|
0-0: Called Strike 0-1: SINGLE (Line Drive, 9S, EV 93.1 MPH)
|
|
Batting: RHB Ben Turner
|
0-0: Called Strike 0-1: Ball 1-1: Ball 2-1: Called Strike 2-2: Ball 3-2: Base on Balls Bert Webster to second
|
|
Batting: RHB Jeff Swanson
|
0-0: Ball 1-0: Called Strike 1-1: Ball 2-1: SINGLE (Groundball, 6MD, EV 99.4 MPH) Bert Webster to third Ben Turner to second Runner from 3rd tries for Home, SAFE, throw by CF to home
|
|
Batting: RHB Josh Shirkey
|
0-0: Sac Bunt to 2R - play at first, batter OUT! 2-3 Ben Turner to third Jeff Swanson to second
|
|
Batting: RHB Justin Kurutz
|
0-0: Called Strike 0-1: Ball 1-1: Ground out 1-3 (Groundball, 34S, EV 74.4 MPH)
|
|
Batting: RHB Lance Neldon
|
0-0: Ball 1-0: Ball 2-0: Fly out, F8 (Flyball, 8LM, EV 92.5 MPH)
|
| Bottom of the 2nd over - 1 run, 2 hits, 0 errors, 2 left on base; Stanford University 1 - University of South Carolina 1 |
| TOP OF THE 3RD |
|
Stanford University Cardinal batting - Pitching for University of South Carolina Gamecocks : RHP Sammy Armstrong
|
|
Batting: RHB Bobby Orantez
|
0-0: Foul Ball, location: 5FF 0-1: Fly out, F7 (Flyball, 7, EV 88.1 MPH)
|
|
Batting: LHB Donny Kleinjan
|
0-0: Foul Ball, location: 2F 0-1: Swinging Strike 0-2: DOUBLE (Line Drive, 8LXD, EV 111.9 MPH)
|
|
Batting: RHB Joe Petley
|
0-0: Ball 1-0: SINGLE (Line Drive, 6D, EV 68.1 MPH) Donny Kleinjan to third Runner from 3rd tries for Home, SAFE, throw by CF to home
|
|
Batting: SHB Philippe Huff
|
0-0: Swinging Strike 0-1: SINGLE (Groundball, P, EV 84.4 MPH) (infield hit) Joe Petley to second
|
|
Pinch Runner at 1st Erwin Young:
|
|
|
Batting: RHB Dzevat Koljevic
|
0-0: Swinging Strike 0-1: Fly out, F8 (Flyball, 8RM, EV 88.8 MPH)
|
|
Batting: LHB Mike Keating
|
0-0: Foul Ball, location: 3DF 0-1: Foul Ball, location: 7LMF 0-2: Foul Ball, location: 23FF 0-2: Strikes out swinging
|
| Top of the 3rd over - 1 run, 3 hits, 0 errors, 2 left on base; Stanford University 2 - University of South Carolina 1 |
| BOTTOM OF THE 3RD |
|
University of South Carolina Gamecocks batting - Pitching for Stanford University Cardinal : RHP Brian Hoffman
|
|
Now at SS: Erwin Young
|
|
|
Batting: SHB Keith Mihas
|
0-0: Foul Ball, location: 2F 0-1: Called Strike 0-2: Ball 1-2: Ball 2-2: Ball 3-2: Foul Ball, location: 3F 3-2: Strikes out swinging
|
|
Batting: LHB Chris McNay
|
0-0: Fly out, F9 (Line Drive, 89D, EV 91.9 MPH)
|
|
Batting: RHB Brian Passalacqua
|
0-0: Ground out U3 (Groundball, 34, EV 85.0 MPH)
|
| Bottom of the 3rd over - 0 runs, 0 hits, 0 errors, 0 left on base; Stanford University 2 - University of South Carolina 1 |
| TOP OF THE 4TH |
|
Stanford University Cardinal batting - Pitching for University of South Carolina Gamecocks : RHP Sammy Armstrong
|
|
Batting: RHB Josh Benefield
|
0-0: Ball 1-0: Called Strike 1-1: Foul Ball, location: 2F 1-2: Ball 2-2: Ball 3-2: Fly out, F4 (Popup, 4S, EV 84.4 MPH)
|
|
Batting: RHB Mike Gard
|
0-0: Foul Ball, location: 7LSFF 0-1: Ball 1-1: Foul Ball, location: 23F 1-2: Fly out, F3 (Popup, 3F, EV 75.6 MPH)
|
|
Batting: RHB John Van der Linden
|
0-0: Foul Ball, location: 2F 0-1: Foul Ball, location: 3F 0-2: Foul Ball, location: 9LSF 0-2: Foul Ball, location: 9LMF 0-2: Strikes out swinging
|
| Top of the 4th over - 0 runs, 0 hits, 0 errors, 0 left on base; Stanford University 2 - University of South Carolina 1 |
| BOTTOM OF THE 4TH |
|
University of South Carolina Gamecocks batting - Pitching for Stanford University Cardinal : RHP Brian Hoffman
|
|
Batting: LHB Bert Webster
|
0-0: Called Strike 0-1: Ball 1-1: Foul Ball, location: 23F 1-2: Fly out, F4 (Line Drive, 4, EV 67.5 MPH)
|
|
Batting: RHB Ben Turner
|
0-0: Called Strike 0-1: Ball 1-1: Ball 2-1: Foul Ball, location: 5DF 2-2: Ball 3-2: Foul Ball, location: 23F 3-2: Foul Ball, location: 2F 3-2: Strikes out looking
|
|
Batting: RHB Jeff Swanson
|
0-0: Ball 1-0: SINGLE (Line Drive, 4MD, EV 106.9 MPH)
|
|
Batting: RHB Josh Shirkey
|
0-0: SINGLE (Groundball, 4MD, EV 94.4 MPH) Jeff Swanson to second Runner from 2nd tries for 3rd, SAFE, throw by CF made to third Josh Shirkey to second
|
|
Batting: RHB Justin Kurutz
|
0-0: Ball 1-0: Ball 2-0: Fly out, F9 (Line Drive, 9LS, EV 94.4 MPH)
|
| Bottom of the 4th over - 0 runs, 2 hits, 0 errors, 2 left on base; Stanford University 2 - University of South Carolina 1 |
| TOP OF THE 5TH |
|
Stanford University Cardinal batting - Pitching for University of South Carolina Gamecocks : RHP Sammy Armstrong
|
|
Batting: RHB Bobby Orantez
|
0-0: Swinging Strike 0-1: Foul Ball, location: 9LDF 0-2: Foul Ball, location: 2F 0-2: Strikes out looking
|
|
Batting: LHB Donny Kleinjan
|
0-0: Called Strike 0-1: Foul Ball, location: 3DF 0-2: Foul Ball, location: 7LSF 0-2: SINGLE (Line Drive, 56, EV 100.0 MPH)
|
|
Pitching: LHP Cris Duran
|
|
|
Batting: RHB Joe Petley
|
0-0: Grounds into double play, 6-4-3 (Groundball, 6, EV 81.9 MPH)
|
| Top of the 5th over - 0 runs, 1 hit, 0 errors, 0 left on base; Stanford University 2 - University of South Carolina 1 |
| BOTTOM OF THE 5TH |
|
University of South Carolina Gamecocks batting - Pitching for Stanford University Cardinal : RHP Brian Hoffman
|
|
Batting: RHB Lance Neldon
|
0-0: Foul Ball, location: 2F 0-1: Swinging Strike 0-2: Ball 1-2: Strikes out swinging
|
|
Batting: SHB Keith Mihas
|
0-0: Ball 1-0: Ball 2-0: Called Strike 2-1: SINGLE (Line Drive, 6MD, EV 106.9 MPH)
|
|
Batting: LHB Chris McNay
|
0-0: Called Strike 0-1: Called Strike 0-2: Ball 1-2: Fly out, F8 (Flyball, 8RS, EV 84.4 MPH)
|
|
Batting: RHB Brian Passalacqua
|
0-0: Foul Ball, location: 3DF 0-1: Ball 1-1: Ball 2-1: Fly out, F7 (Flyball, 78M, EV 90.6 MPH)
|
| Bottom of the 5th over - 0 runs, 1 hit, 0 errors, 1 left on base; Stanford University 2 - University of South Carolina 1 |
| TOP OF THE 6TH |
|
Stanford University Cardinal batting - Pitching for University of South Carolina Gamecocks : LHP Cris Duran
|
|
Batting: RHB Erwin Young
|
0-0: Ball 1-0: Foul Ball, location: 2F 1-1: Swinging Strike 1-2: Foul Ball, location: 2F 1-2: Ground out 2-3 (Groundball, 13S, EV 75.6 MPH)
|
|
Batting: RHB Dzevat Koljevic
|
0-0: Ball 1-0: Ball 2-0: Foul Ball, location: 2F 2-1: Called Strike 2-2: Foul Ball, location: 2F 2-2: Foul Ball, location: 9LMF 2-2: Foul Ball, location: 2F 2-2: Strikes out looking
|
|
Batting: LHB Mike Keating
|
0-0: Ground out 6-3 (Groundball, 6MD, EV 98.1 MPH)
|
| Top of the 6th over - 0 runs, 0 hits, 0 errors, 0 left on base; Stanford University 2 - University of South Carolina 1 |
| BOTTOM OF THE 6TH |
|
University of South Carolina Gamecocks batting - Pitching for Stanford University Cardinal : RHP Brian Hoffman
|
|
Batting: LHB Bert Webster
|
0-0: Ball 1-0: Ball 2-0: Called Strike 2-1: Ball 3-1: Base on Balls
|
|
Pitching: RHP Joe Kill
|
|
|
Batting: RHB Ben Turner
|
0-0: Ball 1-0: Fly out, F8 (Flyball, 8LD, EV 93.8 MPH)
|
|
Batting: RHB Jeff Swanson
|
0-0: Fly out, F8 (Flyball, 89S, EV 89.4 MPH)
|
|
Pinch Hitting: LHB David Fowler
|
0-0: Called Strike Bert Webster steals 2nd base 0-1: Swinging Strike 0-2: Ball 1-2: Ball 2-2: Foul Ball, location: 23F 2-2: Fly out, F8 (Flyball, 8RM, EV 90.0 MPH)
|
| Bottom of the 6th over - 0 runs, 0 hits, 0 errors, 1 left on base; Stanford University 2 - University of South Carolina 1 |
| TOP OF THE 7TH |
|
Stanford University Cardinal batting - Pitching for University of South Carolina Gamecocks : LHP Cris Duran
|
|
Pitching: RHP Jop van Grootveld
|
|
|
Now in CF: Jörg Young
|
|
|
Batting: RHB Josh Benefield
|
0-0: Called Strike 0-1: Ball 1-1: Called Strike 1-2: Ball 2-2: Ball 3-2: Fly out, F6 (Line Drive, 6, EV 89.4 MPH)
|
|
Batting: RHB Mike Gard
|
0-0: Called Strike 0-1: Called Strike 0-2: Foul Ball, location: 9LSF 0-2: Ball 1-2: Foul Ball, location: 3DF 1-2: Strikes out swinging
|
|
Batting: RHB John Van der Linden
|
0-0: Ball 1-0: SOLO HOME RUN (Flyball, 89XD, EV 100.0 MPH), Distance : 392 ft
|
|
Batting: RHB Bobby Orantez
|
0-0: Fly out, F9 (Flyball, 9LM, EV 105.6 MPH)
|
| Top of the 7th over - 1 run, 1 hit, 0 errors, 0 left on base; Stanford University 3 - University of South Carolina 1 |
| BOTTOM OF THE 7TH |
|
University of South Carolina Gamecocks batting - Pitching for Stanford University Cardinal : RHP Joe Kill
|
|
Batting: RHB Justin Kurutz
|
0-0: Ball 1-0: Ball 2-0: Called Strike 2-1: Ball 3-1: Fly out, F1 (Line Drive, P, EV 66.3 MPH)
|
|
Batting: RHB Lance Neldon
|
0-0: Ball 1-0: SINGLE (Groundball, 34D, EV 98.1 MPH)
|
|
Batting: SHB Keith Mihas
|
0-0: Grounds into double play, 4-6-3 (Groundball, 4, EV 84.4 MPH)
|
| Bottom of the 7th over - 0 runs, 1 hit, 0 errors, 0 left on base; Stanford University 3 - University of South Carolina 1 |
| TOP OF THE 8TH |
|
Stanford University Cardinal batting - Pitching for University of South Carolina Gamecocks : RHP Jop van Grootveld
|
|
Pitching: LHP Mijalko Brkic
|
|
|
Batting: LHB Donny Kleinjan
|
0-0: SINGLE (Line Drive, 78M, EV 107.5 MPH)
|
|
Pitching: RHP Chris Kenny
|
|
|
Batting: RHB Joe Petley
|
0-0: Called Strike 0-1: Fly out, F9 (Line Drive, 9S, EV 90.0 MPH)
|
|
Batting: RHB Erwin Young
|
0-0: SINGLE (Line Drive, 4MD, EV 100.0 MPH) Donny Kleinjan to second
|
|
Batting: RHB Dzevat Koljevic
|
0-0: Ball 1-0: Called Strike 1-1: Foul Ball, location: 5F 1-2: Strikes out swinging
|
|
Batting: LHB Mike Keating
|
0-0: Ball Wild Pitch! Donny Kleinjan to third Erwin Young to second 1-0: Ball 2-0: Ball 3-0: Called Strike 3-1: Called Strike 3-2: Base on Balls
|
|
Batting: RHB Josh Benefield
|
0-0: Ball 1-0: Ground out 4-3 (Groundball, 4MD, EV 97.5 MPH)
|
| Top of the 8th over - 0 runs, 2 hits, 0 errors, 3 left on base; Stanford University 3 - University of South Carolina 1 |
| BOTTOM OF THE 8TH |
|
University of South Carolina Gamecocks batting - Pitching for Stanford University Cardinal : RHP Joe Kill
|
|
Batting: LHB Chris McNay
|
0-0: Called Strike 0-1: Ball 1-1: Swinging Strike 1-2: Ball 2-2: Foul Ball, location: 3F 2-2: SINGLE (Line Drive, 8LS, EV 103.1 MPH)
|
|
Batting: RHB Brian Passalacqua
|
0-0: Called Strike 0-1: Swinging Strike 0-2: Strikes out swinging
|
|
Batting: LHB Bert Webster
|
0-0: Ball 1-0: Ball 2-0: Ball 3-0: Base on Balls Chris McNay to second
|
|
Batting: RHB Ben Turner
|
0-0: Ball Wild Pitch! Chris McNay to third Bert Webster to second 1-0: Ball 2-0: Ground out U3 (Groundball, 3, EV 91.3 MPH)
|
|
Pitching: RHP Ray Fogle
|
|
|
Batting: RHB Jeff Swanson
|
0-0: Foul Ball, location: 25F 0-1: Ground out 6-3 (Groundball, 56, EV 82.5 MPH)
|
| Bottom of the 8th over - 0 runs, 1 hit, 0 errors, 2 left on base; Stanford University 3 - University of South Carolina 1 |
| TOP OF THE 9TH |
|
Stanford University Cardinal batting - Pitching for University of South Carolina Gamecocks : RHP Chris Kenny
|
|
Pitching: RHP Nelson Knopp
|
|
|
Pinch Hitting: RHB Gary Preston
|
0-0: Called Strike 0-1: Swinging Strike 0-2: Strikes out looking
|
|
Batting: RHB John Van der Linden
|
0-0: Ball 1-0: Ball 2-0: Ball 3-0: Called Strike 3-1: Ground out 5-3 (Groundball, 15, EV 79.4 MPH)
|
|
Batting: RHB Bobby Orantez
|
0-0: Swinging Strike 0-1: Fly out, F9 (Line Drive, 9LM, EV 93.8 MPH)
|
| Top of the 9th over - 0 runs, 0 hits, 0 errors, 0 left on base; Stanford University 3 - University of South Carolina 1 |
| BOTTOM OF THE 9TH |
|
University of South Carolina Gamecocks batting - Pitching for Stanford University Cardinal : RHP Ray Fogle
|
|
Pitching: LHP Larry Steen
|
|
|
Now at C: Gary Preston
|
|
|
Batting: LHB Jörg Young
|
0-0: Called Strike 0-1: Ball 1-1: Ball 2-1: Called Strike 2-2: Strikes out swinging
|
|
Batting: RHB Justin Kurutz
|
0-0: Swinging Strike 0-1: Ball 1-1: Foul Ball, location: 2F 1-2: Ball 2-2: DOUBLE (Line Drive, 7LM, EV 100.6 MPH)
|
|
Batting: RHB Lance Neldon
|
0-0: Ball 1-0: Ball 2-0: Ground out 6-3 (Groundball, 56, EV 90.6 MPH) Justin Kurutz to third
|
|
Batting: SHB Keith Mihas
|
0-0: Fly out, F9 (Line Drive, 9, EV 92.5 MPH)
|
| Bottom of the 9th over - 0 runs, 1 hit, 0 errors, 1 left on base; Stanford University 3 - University of South Carolina 1 |
|